 Dungeon Crawl Stone Soup version 0.22-a0-278-g8f80174 (webtiles) character file.

10507 JeffiDaFish the Geomancer (level 11, 0/66 HPs)
             Began as a Gargoyle Earth Elementalist on Mar 16, 2018.
             Was a Priest of Vehumet.
             Slain by a minotaur
             ... wielding the +8 long sword "Iguxucw" {holy, rF+ MR++}
              (4 damage)
             ... in a labyrinth.
             The game lasted 00:36:55 (11827 turns).

JeffiDaFish the Geomancer (GrEE)                   Turns: 11827, Time: 00:36:55

Health: 0/66       AC: 13    Str: 14    XL:     11   Next: 63%
Magic:  14/24      EV: 12    Int: 19    God:    Vehumet [***...]
Gold:   353        SH:  0    Dex: 10    Spells: 14/28 levels left

rFire    . . .     SeeInvis .   o - +0 whip (elec)
rCold    + . .     Gourm    .   (no shield)
rNeg     + . .     Faith    .   e - +0 robe
rPois    ∞         Spirit   .   n - +2 hat
rElec    +         Reflect  .   (no cloak)
rCorr    .         Harm     +   w - +0 pair of gloves
MR       +....                  (no boots)
Stlth    ++........             p - amulet of harm
HPRegen  0.21/turn              f - ring of protection from cold
MPRegen  0.19/turn              r - +2 ring of strength

@: no status effects
A: claws 1, horns 1, magic resistance 1, negative energy resistance 1,
electricity resistance, unbreathing, petrification resistance, rot immunity, AC
+8
a: Renounce Religion


You were in a labyrinth.
You worshipped Vehumet.
Vehumet was most pleased with you.
You were not hungry.

You visited 2 branches of the dungeon, and saw 12 of its levels.
You also visited: Labyrinth.

You collected 493 gold pieces.
You spent 140 gold pieces at shops.

Inventory:

Hand Weapons
 i - a +2 spear of flaming
 o - a +0 whip of electrocution (weapon)
Missiles
 b - 42 stones (quivered)
Armour
 e - a +0 robe (worn)
 n - a +2 hat (worn)
 w - a +0 pair of gloves (worn)
Jewellery
 f - a ring of protection from cold (left hand)
 p - an amulet of harm (around neck)
 r - a +2 ring of strength (right hand)
Wands
 m - a wand of clouds (4)
 s - a wand of iceblast (10)
Scrolls
 a - 2 scrolls of fear
 c - 3 scrolls of remove curse
 h - a scroll of blinking
 j - 6 scrolls of teleportation
 k - 3 scrolls of identify
 l - a scroll of amnesia
 q - 2 scrolls of magic mapping
Potions
 t - 5 potions of curing
 v - 2 potions of flight
Miscellaneous
 u - a phantom mirror
Comestibles
 d - 16 rations


   Skills:
 + Level 6.5 Fighting
 + Level 2.9 Maces & Flails
 + Level 3.0 Dodging
 - Level 2.3 Stealth
 - Level 0.3 Unarmed Combat
 * Level 9.3 Spellcasting
 * Level 9.2 Conjurations
   Level 0.7 Transmutations
 * Level 12.1 Earth Magic


You had 14 spell levels left.
You knew the following spells:

 Your Spells              Type           Power        Failure   Level  Hunger
a - Sandblast             Erth           ######       1%          1    None
b - Stone Arrow           Conj/Erth      #####.       1%          3    None
c - Lee's Rapid Deconstr  Erth           ######....   1%          5    #####..
d - Mephitic Cloud        Conj/Pois/Air  ###.....     1%          3    None
e - Blink                 Tloc           N/A          12%         2    None


Dungeon Overview and Level Annotations

Branches:
Dungeon (11/15)            Temple (1/1) D:4             Orc (0/2) D:10
   Lair: D:8-11

Altars:
Ashenzari
Cheibriados
Dithmenos
Elyvilon
Fedhas
Gozag
Hepliaklqana
Kikubaaqudgha
Makhleb
Nemelex Xobeh
Okawaru
Qazlal
Ru
Sif Muna
Trog
Uskayaw
Vehumet
Wu Jian
Xom
Yredelemnul
Zin
The Shining One

Shops:
D:5 *   D:8 :

Annotations:
D:4 skwerlee's ghost, amateur HOFi


Innate Abilities, Weirdness & Mutations

You are resistant to torment.
Your stone body is resilient. (AC +8)
You are immune to poison.
You resist negative energy. (rN+)
You are resistant to electric shocks. (rElec)
You can survive without breathing.
You are immune to petrification.
You are immune to rotting.
You have sharp fingernails.
You have a pair of small horns on your head.
You are resistant to hostile enchantments. (MR+)


Message History

Press: ? - help, Dir - move target cursor, p - minotaur The metal wall shatters!
The blast of metal fragments hits the minotaur.
The minotaur is lightly wounded.
The minotaur throws a poisoned javelin.
The poisoned javelin hits you!!
* * * LOW HITPOINT WARNING * * *
The minotaur throws a poisoned javelin.
The poisoned javelin hits you.
* * * LOW HITPOINT WARNING * * *
You see here a poisoned javelin.
You feel much better.
Casting: Lee's Rapid Deconstruction (safe; 1% risk of failure)
Confirm with . or Enter, or press ? or * to list all spells.
Aiming: Stone Arrow (safe; 1% risk of failure)
Press: ? - help, Shift-Dir - straight line, f - minotaur
Aim: a minotaur, wielding a bloodstained long sword {holy} and wearing a plate armour (lightly wounded)
The stone arrow misses the minotaur.
The minotaur hits you with a bloodstained long sword {holy}!!
* * * LOW HITPOINT WARNING * * *
The minotaur gores you.
You die...

▓▓▓▓▓▓▓▓
▓▓▓▓▓▓ ▓▓ ▓.
.... ....# .
.. ▓.#.#
##.#### #.
▓.@.#.#...#
....#
▓##H#.###
### # #
▓H.(#...#...
..# ▓.###.#
###.# # ▓.
#.# ....#.#.
▓ #.#######.
.# # . ..
... # ## .
## # ### # #
#.#


You could see a minotaur.

Vanquished Creatures
  Erolcha (D:9)
  The ghost of GuildmasterMusic the Cleaver, a journeyman MiFi of Gozag (D:10)
  A two-headed ogre (D:8)
  The ghost of Zephyr93 the Cleaver, a novice MiFi of Qazlal (D:8)
  Pikel (D:5)
  A cyclops (D:11)
  2 trolls
  Prince Ribbit (D:7)
  Grinder (D:3)
  Sigmund (D:5)
  8 yaks
  A warg (D:10)
  The ghost of Vinniefish the Sneak, an amateur OpWz (D:3)
  2 slaves (D:5)
  3 orc warriors
  3 sky beasts
  2 ice beasts
  A necrophage (D:9)
  3 phantoms
  2 centaurs
  6 ogres
  7 bullfrogs
  A big kobold (D:9)
  3 scorpions
  10 killer bees (D:9)
  A howler monkey (D:9)
  7 wights
  2 crimson imps
  2 bullfrog zombies
  A quasit (D:10)
  A centaur skeleton (D:11)
  A bullfrog skeleton (D:6)
  7 hounds
  An orc wizard (D:9)
  5 orc priests
  5 jellies
  4 iguanas
  Ijyb (D:4)
  8 worker ants
  A killer bee zombie (D:8)
  A hound zombie (D:8)
  3 worker ant zombies
  Robin (D:3)
  6 adders
  15 gnolls
  A river rat (D:4)
  An ooze (D:9)
  An adder skeleton (D:7)
  2 worms
  2 dart slugs
  8 leopard geckos
  25 orcs
  6 giant cockroaches
  14 goblins
  12 hobgoblins
  5 jackals
  11 kobolds
  4 quokkas
  2 ball pythons
  4 bats
  A frilled lizard (D:5)
  A jackal skeleton (D:5)
  A leopard gecko zombie (D:5)
  6 rats
244 creatures vanquished.

Vanquished Creatures (others)
  A plant (D:5)
1 creature vanquished.

Grand Total: 245 creatures vanquished

Notes
Turn   | Place    | Note
-------+----------+-------------------------------------------
     0 | D:1      | JeffiDaFish the Gargoyle Earth Elementalist began the quest for the Orb.
     0 | D:1      | Reached XP level 1. HP: 10/10 MP: 3/3
   211 | D:1      | Reached skill level 4 in Earth Magic
   310 | D:1      | Reached XP level 2. HP: 15/15 MP: 0/5
   807 | D:1      | Reached XP level 3. HP: 19/19 MP: 1/6
  1277 | D:2      | Learned a level 3 spell: Stone Arrow
  1308 | D:2      | Found a deep blue altar of Sif Muna.
  1617 | D:2      | Reached XP level 4. HP: 18/24 MP: 4/8
  1622 | D:2      | Reached skill level 5 in Earth Magic
  1866 | D:2      | Reached XP level 5. HP: 28/28 MP: 8/10
  1868 | D:2      | You fall through a shaft!
  1868 | D:3      | Noticed Robin
  1868 | D:3      | Noticed an ice beast
  1873 | D:3      | Killed an ice beast
  1884 | D:3      | Killed Robin
  1884 | D:3      | Reached skill level 6 in Earth Magic
  1885 | D:3      | Reached XP level 6. HP: 32/32 MP: 6/12
  2105 | D:3      | Learned a level 5 spell: Lee's Rapid Deconstruction
  2105 | D:3      | Noticed Grinder
  2147 | D:3      | Paralysed by Grinder for 6 turns
  2155 | D:3      | Killed Grinder
  2155 | D:3      | Reached skill level 7 in Earth Magic
  2155 | D:3      | Reached XP level 7. HP: 20/36 MP: 1/14
  2321 | D:3      | Reached skill level 5 in Spellcasting
  2491 | D:3      | Found a blossoming altar of Fedhas.
  2686 | D:3      | Noticed Vinniefish's ghost (amateur OpWz)
  2691 | D:3      | Killed Vinniefish's ghost
  2691 | D:3      | Reached skill level 1 in Conjurations
  2867 | D:4      | Noticed skwerlee's ghost (amateur HOFi)
  3442 | D:4      | Reached skill level 1 in Fighting
  3536 | D:4      | Found a staircase to the Ecumenical Temple.
  3556 | Temple   | Entered the Ecumenical Temple
  4067 | D:4      | Noticed Ijyb
  4070 | D:4      | Killed Ijyb
  4258 | D:4      | HP: 1/38 [skwerlee's ghost (11)]
  4845 | D:5      | Entered Level 5 of the Dungeon
  4984 | D:5      | Noticed Sigmund
  4991 | D:5      | Killed Sigmund
  4991 | D:5      | Reached skill level 8 in Earth Magic
  4991 | D:5      | Reached XP level 8. HP: 44/44 MP: 5/16
  5205 | D:5      | Found a radiant altar of Vehumet.
  5211 | D:5      | Became a worshipper of Vehumet
  5252 | D:5      | Noticed Pikel
  5290 | D:5      | Killed Pikel
  5537 | D:5      | Found a glowing golden altar of the Shining One.
  5681 | D:5      | Found Zurar's Assorted Antiques.
  5688 | D:5      | Bought a wooden ring for 140 gold pieces
  5854 | D:6      | Found a shadowy altar of Dithmenos.
  6161 | D:6      | Reached skill level 9 in Earth Magic
  6161 | D:6      | Reached XP level 9. HP: 35/51 MP: 3/18
  6273 | D:6      | Reached skill level 5 in Conjurations
  6375 | D:6      | Found a shattered altar of Ashenzari.
  6459 | D:6      | Reached * piety under Vehumet
  6459 | D:6      | Offered knowledge of Freeze by Vehumet.
  6809 | D:6      | Found an ornate altar of the Wu Jian Council.
  6809 | D:6      | Found a stormy altar of Qazlal.
  6994 | D:7      | Noticed Prince Ribbit
  7001 | D:7      | Killed Prince Ribbit
  7676 | D:7      | Found a shimmering altar of Xom.
  7876 | D:8      | Found a hazy altar of Hepliaklqana.
  8030 | D:8      | Noticed a two-headed ogre
  8035 | D:8      | Killed a two-headed ogre
  8035 | D:8      | Reached skill level 10 in Earth Magic
  8035 | D:8      | Reached XP level 10. HP: 49/58 MP: 15/21
  8201 | D:8      | Gained mutation: You are resistant to hostile enchantments. (MR+) [potion of mutation]
  8201 | D:8      | Gained mutation: You have a pair of small horns on your head. [potion of mutation]
  8201 | D:8      | Gained mutation: You have sharp fingernails. [potion of mutation]
  8223 | D:8      | Found a basalt altar of Yredelemnul.
  8225 | D:8      | Noticed Zephyr93's ghost (novice MiFi)
  8232 | D:8      | Killed Zephyr93's ghost
  8232 | D:8      | Reached skill level 5 in Fighting
  8591 | D:8      | Found Yna Tise's Book Shop.
  8786 | D:9      | Reached ** piety under Vehumet
  8786 | D:9      | Offered knowledge of Throw Flame by Vehumet.
  8806 | D:9      | Found a sparkling altar of Nemelex Xobeh.
  8850 | D:9      | Reached skill level 11 in Earth Magic
  9032 | D:9      | Offered knowledge of Throw Frost by Vehumet.
  9143 | D:9      | Reached skill level 1 in Maces & Flails
  9239 | D:9      | Noticed Erolcha
  9244 | D:9      | Reached *** piety under Vehumet
  9275 | D:9      | Killed Erolcha
  9275 | D:9      | Reached XP level 11. HP: 42/64 MP: 3/23
  9828 | D:9      | Noticed an angel
  9829 | D:9      | Found a glowing silver altar of Zin.
  9864 | D:10     | Entered Level 10 of the Dungeon
  9961 | D:10     | Found a hide-covered altar of Uskayaw.
 10051 | D:10     | Found a staircase to the Orcish Mines.
 10062 | D:10     | Offered knowledge of Airstrike by Vehumet.
 10086 | D:10     | Noticed GuildmasterMusic's ghost (journeyman MiFi)
 10543 | D:10     | Killed GuildmasterMusic's ghost
 10894 | D:10     | Reached skill level 12 in Earth Magic
 11139 | D:10     | Learned a level 3 spell: Mephitic Cloud
 11142 | D:10     | Learned a level 2 spell: Blink
 11177 | D:11     | Noticed a cyclops
 11181 | D:11     | Killed a cyclops
 11256 | D:11     | Found a labyrinth entrance.
 11268 | Lab      | Entered a labyrinth
 11820 | Lab      | Noticed a minotaur
 11824 | Lab      | HP: 3/66 [minotaur/poisoned javelin (4)]
 11827 | Lab      | Identified the +8 long sword "Iguxucw" {holy, rF+ MR++}
 11827 | Lab      | Slain by a minotaur

Vault maps used:
D:1:      elethiomel_arrival_infinity_welcomes_careful_drivers, minivault_4
D:2:      old_standard_altar, minmay_misc_feat_encased, uniq_natasha
D:3:      nicolae_overflow_hidden_temple, corexii_shack, uniq_robin,
          uniq_grinder
D:4:      minmay_temple_entry_glassed_door, first_ration, portal_sewer_entry_b,
          eino_curves_02, uniq_ijyb
D:5:      tso_oasis_becter, lemuel_crystal_altar, serial_shops, kennysheep_mini,
          minmay_holes, st_stairs_2, serial_bayou_pond_d, minmay_crystal_room,
          uniq_pikel, uniq_sigmund
D:6:      evilmike_ruin_ashenzari, nicolae_dithmenos_shadow_blocks,
          gammafunk_temple_overflow_wave
D:7:      kennysheep_mini_moat, uniq_prince_ribbit1
D:8:      overflow_temple_1_default, serial_shops, shop, basic_altar,
          grunt_ogre_cave
D:9:      zin_angel, nemelex_dance_club_becter, uniq_erolcha
D:10:     david_orc_3, basic_altar
D:11:     david_lair_shrubbed, special_room, lab_entry_generic
Temple:   grunt_temple_mini_profane
Lab:      nicolae_lab_big_swirl, labyrinth_fake_exit, nicolae_lab_diamond,
          labyrinth_skeletal_remains

Skill      XL: |  1  2  3  4  5  6  7  8  9 10 11 |
---------------+----------------------------------+-----
Earth Magic    | 4 5 6 7 8 9 10 11 12 | 12.1
Spellcasting   | 3 4 5 6 7 8 9 |  9.3
Conjurations   | 2 4 6 8 9 |  9.2
Fighting       | 1 3 4 6 |  6.5
Dodging        | 2 3 |  3.0
Maces & Flails | 1 2 |  2.9
Stealth        | |  2.3
Unarmed Combat | |  0.3
Transmutations | |  0.7

Action                   |  1- 3 |  4- 6 |  7- 9 | 10-12 || total
-------------------------+-------+-------+-------+-------++-------
Melee: Unarmed           |    20 |       |       |       ||    20
       Short sword       |    17 |       |       |       ||    17
       Hand axe          |    25 |     4 |       |       ||    29
       Spear             |       |    42 |    77 |       ||   119
       Whip              |       |       |   152 |    60 ||   212
       Punch             |       |       |     1 |       ||     1
       Headbutt          |       |       |       |     4 ||     4
 Cast: Sandblast         |    38 |    14 |    45 |    35 ||   132
       Stone Arrow       |     1 |     7 |    49 |    75 ||   132
       Lee's Rapid Decon |       |       |     9 |    21 ||    30
Evoke: Wand              |       |       |     1 |       ||     1
  Use: Scroll            |     8 |       |     6 |     1 ||    15
       Potion            |     3 |     1 |     5 |     3 ||    12
 Stab: Confused          |       |       |     3 |       ||     3
       Sleeping          |       |       |     1 |     3 ||     4
  Eat: Chunk             |     3 |     2 |    21 |    13 ||    39
       Ration            |       |       |     1 |     1 ||     2
Armor: Robe              |    25 |    21 |    96 |    38 ||   180
Dodge: Dodged            |    64 |    33 |   131 |    61 ||   289

Table legend:
 A = Spawn XP
 B = Non-spawn XP
 C = Spawn XP percentage of total XP
 D = Spawn monster count
 E = Non-spawn monster count
 F = Spawn count percentage of total count
 G = Total turns spent on level
                    A         B        C        D         E        F      G
               +---------+---------+-------+---------+---------+-------+---------
         Total |       0 |   15010 |   0.0 |       0 |     242 |   0.0 | 11827
               +---------+---------+-------+---------+---------+-------+---------
           D:1 |       0 |      40 |   0.0 |       0 |      20 |   0.0 |  1235
           D:2 |       0 |     125 |   0.0 |       0 |      17 |   0.0 |   633
           D:3 |       0 |     725 |   0.0 |       0 |      34 |   0.0 |  1956
           D:4 |       0 |     261 |   0.0 |       0 |      17 |   0.0 |   833
           D:5 |       0 |    1106 |   0.0 |       0 |      22 |   0.0 |   934
           D:6 |       0 |     615 |   0.0 |       0 |      16 |   0.0 |  1114
           D:7 |       0 |     793 |   0.0 |       0 |      12 |   0.0 |   969
           D:8 |       0 |    2716 |   0.0 |       0 |      20 |   0.0 |   872
           D:9 |       0 |    4170 |   0.0 |       0 |      49 |   0.0 |  1534
          D:10 |       0 |    3244 |   0.0 |       0 |      27 |   0.0 |   898
          D:11 |       0 |    1215 |   0.0 |       0 |       8 |   0.0 |   102
               +---------+---------+-------+---------+---------+-------+---------
